Map: Submarine LE

Players

SpikeDrone

  • Race: Protoss Protoss
  • League: Gold

GekkeG - Winner!

  • Race: Zerg Zerg

VOD

Have the link to the VOD?

Description

Time

  • Played on: May 5, 2021, 4:57 p.m.
  • Length: 9:40
Show
View Real Time Build Order
Export as new Build Order

SpikeDrone Protoss 

Build Orders: Oracle Opening, Carrier Rush 

Get SALT Encoding   

  12  0:00  Probe  
  13  0:12  Probe  
  14  0:19  Pylon  
  14  0:24  Probe  
  15  0:37  Probe (Chrono Boost)  
  15  0:39  Gateway  
  16  0:46  Assimilator  
  17  0:50  Probe (Chrono Boost)  
  17  0:55  Probe (Chrono Boost)  
  18  0:58  Assimilator  
  18  1:07  Probe  
  19  1:21  Probe  
  20  1:29  Cybernetics Core  
  20  1:31  Gateway  
  20  1:42  Probe (Chrono Boost)  
  20  1:44  Pylon  
  21  1:54  Probe (Chrono Boost)  
  22  1:59  Probe (Chrono Boost)  
  23  2:06  Stalker (Chrono Boost)  
  25  2:16  Stargate  
  25  2:30  Stalker (Chrono Boost)  
  25  2:32  Probe  
  30  2:55  Nexus  
  30  2:57  Probe  
  29  3:10  Oracle (Chrono Boost)  
  31  3:23  Pylon  
  31  3:33  Fleet Beacon  
  31  3:41  Probe  
  32  3:44  Stargate  
  32  3:53  Probe  
  33  4:00  Zealot  
  35  4:05  Probe  
  35  4:07  Probe  
  37  4:17  Probe  
  37  4:24  Probe  
  39  4:29  Probe  
  40  4:36  Probe  
  44  4:41  Probe  
  44  4:44  Carrier (Chrono Boost)  
  45  4:55  Tempest (Chrono Boost)  
  45  4:56  Assimilator  
  50  5:05  Probe  
  51  5:07  Zealot  
  51  5:08  Probe  
  51  5:12  Assimilator  
  54  5:14  Pylon  
  54  5:18  Flux Vanes  
  54  5:32  Zealot, Probe x2  
  58  5:44  Probe  
  58  5:45  Nexus  
  59  5:53  Pylon  
  59  6:04  Pylon  
  59  6:06  Void Ray x2 (Chrono Boost)  
  59  6:10  Probe  
  60  6:13  Probe  
  69  6:22  Probe  
  69  6:23  Shield Battery  
  69  6:25  Assimilator, Probe  
  71  6:34  Probe  
  71  6:36  Void Ray  
  71  6:37  Probe  
  73  6:42  Warp Gate  
  73  6:46  Probe  
  78  6:57  Zealot x2, Probe  
  78  6:58  Probe  
  84  7:09  Probe  
  84  7:10  Probe  
  86  7:21  Probe  
  86  7:22  Probe  
  83  7:30  Robotics Facility  
  83  7:31  Robotics Facility  
  83  7:33  Probe  
  83  7:34  Probe  
  85  7:38  Twilight Council  
  85  7:41  Forge  
  85  7:43  Forge  
  81  7:45  Probe  
  81  7:46  Probe  
  83  7:57  Probe  
  84  7:59  Probe  
  84  8:03  Gateway  
  85  8:09  Gateway, Probe  
  85  8:10  Gateway  
  85  8:11  Probe  
  85  8:12  Assimilator  
  87  8:19  Immortal  
  91  8:20  Probe  
  91  8:21  Probe  
  91  8:25  Pylon  
  93  8:31  Probe  
  93  8:32  Immortal  
  93  8:33  Probe  
  93  8:42  Pylon  
  93  8:43  Probe x2  
  93  8:46  Probe  
  96  8:55  Probe x2  
  96  8:58  Probe  
  96  8:59  Zealot  
  96  9:00  Zealot  
  95  9:08  Zealot  
  95  9:09  Zealot x2  
  80  9:20  Zealot x2  
  68  9:25  Probe x2  
Show
View Real Time Build Order
Export as new Build Order

GekkeG Zerg - Winner!

Build Orders: Hatch First 

Get SALT Encoding   

  12  0:00  Drone  
  13  0:12  Overlord  
  13  0:18  Drone  
  14  0:31  Drone x2  
  16  0:50  Hatchery  
  16  0:53  Drone  
  16  0:56  Drone  
  17  1:03  Drone  
  18  1:12  Extractor  
  18  1:17  Spawning Pool  
  16  1:20  Drone  
  16  1:22  Drone  
  18  1:29  Drone  
  19  1:39  Drone  
  20  1:51  Drone  
  21  2:03  Queen  
  21  2:04  Queen  
  21  2:05  Zergling x4  
  27  2:11  Drone  
  27  2:15  Overlord  
  28  2:18  Extractor  
  27  2:25  Drone  
  28  2:33  Drone x2  
  28  2:35  Drone  
  31  2:48  Drone  
  31  2:49  Drone  
  33  2:52  Lair  
  33  2:54  Queen  
  33  2:55  Drone  
  36  2:59  Overlord  
  35  3:18  Metabolic Boost  
  36  3:20  Drone x7  
  36  3:21  Drone  
  36  3:24  Overlord  
  43  3:37  Extractor  
  43  3:38  Drone, Extractor  
  43  3:39  Overlord x2  
  42  3:54  Hydralisk Den  
  41  3:57  Hatchery  
  41  4:00  Drone  
  41  4:01  Drone x3  
  44  4:03  Drone  
  44  4:07  Drone x2  
  44  4:08  Overseer  
  47  4:14  Drone  
  44  4:28  Spore Crawler  
  40  4:32  Hydralisk x2  
  43  4:41  Drone  
  44  4:52  Drone x2  
  46  4:55  Drone  
  46  4:56  Drone  
  48  5:01  Drone  
  48  5:21  Drone x3  
  48  5:22  Drone x3  
  48  5:24  Overlord  
  48  5:26  Drone  
  55  5:30  Hydralisk  
  55  5:32  Drone  
  55  5:34  Evolution Chamber  
  57  5:36  Zergling x4  
  57  5:40  Evolution Chamber  
  57  5:42  Hydralisk  
  60  5:43  Hydralisk  
  60  5:48  Hydralisk  
  64  5:52  Drone x2  
  66  6:08  Spire  
  66  6:10  Spore Crawler  
  58  6:14  Overlord  
  58  6:16  Grooved Spines  
  58  6:17  Hydralisk  
  60  6:20  Zergling x2  
  61  6:28  Hydralisk x3  
  67  6:34  Overlord  
  67  6:35  Overlord  
  67  6:39  Hydralisk  
  69  6:45  Hydralisk  
  69  6:46  Hydralisk  
  73  6:49  Overlord  
  71  7:07  Hydralisk, Drone  
  74  7:14  Hydralisk x3  
  75  7:27  Muscular Augments  
  75  7:28  Hydralisk x3  
  75  7:29  Corruptor x3  
  87  7:33  Zerg Flyer Weapons Level 1  
  87  7:39  Drone x5  
  92  7:46  Hydralisk x2  
  92  7:47  Overlord  
  96  7:54  Hydralisk  
  96  7:56  Overseer  
  98  8:00  Overlord x2  
  98  8:01  Overlord  
  98  8:07  Hydralisk  
  98  8:08  Hydralisk  
  98  8:11  Extractor  
  101  8:13  Extractor  
  101  8:17  Hydralisk  
  101  8:34  Overlord x8  
  95  8:53  Overlord x4  
  95  8:54  Overlord x3  
  85  9:14  Hydralisk x3  
  85  9:15  Hydralisk x4  
  93  9:20  Zergling x2  
  93  9:21  Zergling x6  
Tags
 
Add a new tag
Caveats
  • Supply blocks, unpowered buildings, or Contaminate may cause inaccurate times.
  • Supply counts are checked every 10 seconds.